AA
OMAHA STORM CHASERS @ TULSA DRILLERS
07/06/1982
 
TOP OF THE 1ST
Omaha Storm Chasers batting - Pitching for Tulsa Drillers : LHP Bob Buchanan
Pitching: LHP Bob Buchanan
Batting: RHB Jay Schellin 0-0: Called Strike
0-1: Ball
1-1: Foul Ball, location: 2F
1-2: Foul Ball, location: 2F
1-2: Ball
2-2: Ball
3-2: Foul Ball, location: 2F
3-2: Fly out, F9 (Flyball, 9S, EV 85.0 MPH)
Batting: RHB Mike Allport 0-0: Called Strike
0-1: Called Strike
0-2: Ball
1-2: Foul Ball, location: 2F
1-2: Foul Ball, location: 2F
1-2: Ball
2-2: SINGLE (Line Drive, 4MD, EV 100.0 MPH)
Batting: RHB Don Money 0-0: Ball
Wild Pitch!
Mike Allport to second
1-0: Called Strike
1-1: Fly out, F8 (Flyball, 89XD, EV 96.9 MPH)
Runner from 2nd tags up, SAFE at 3rd, no throw by CF
Batting: LHB Mike LaValliere 0-0: Ball
1-0: Ball
2-0: Swinging Strike
2-1: Ball
3-1: Foul Ball, location: 2F
3-2: Base on Balls
Batting: RHB Eddie Gates 0-0: Ball
1-0: Ball
2-0: Fly out, F4 (Flyball, 4MD, EV 88.8 MPH)
Top of the 1st over - 0 runs, 1 hit, 0 errors, 2 left on base; Omaha 0 - Tulsa 0
BOTTOM OF THE 1ST
Tulsa Drillers batting - Pitching for Omaha Storm Chasers : LHP Joe W Price
Pitching: LHP Joe W Price
Batting: RHB Victor Rios 0-0: Called Strike
0-1: Ball
1-1: SINGLE (Line Drive, 4MD, EV 98.8 MPH)
Batting: SHB Paul Householder 0-0: Ball
1-0: Ball
2-0: Ball
3-0: Base on Balls
Victor Rios to second
Batting: LHB Jim Adduci 0-0: Foul Ball, location: 2F
0-1: Ball
1-1: DOUBLE (Line Drive, 5D, EV 103.1 MPH)
Victor Rios scores
Paul Householder to third
Runner from 3rd tries for Home, throw by LF and OUT! 7-6-2
Batting: LHB Mike Pagliarulo 0-0: Ground out 6-3 (Groundball, 6S, EV 85.0 MPH)
Batting: SHB Luis Quinones 0-0: Called Strike
0-1: Ball
1-1: Foul Ball, location: 2F
1-2: Ground out 6-3 (Groundball, 6, EV 81.3 MPH)
Bottom of the 1st over - 1 run, 2 hits, 0 errors, 1 left on base; Omaha 0 - Tulsa 1
TOP OF THE 2ND
Omaha Storm Chasers batting - Pitching for Tulsa Drillers : LHP Bob Buchanan
Batting: LHB Donald Elliott 0-0: Ball
1-0: Called Strike
1-1: Ball
2-1: Ball
3-1: Fly out, F7 (Flyball, 78D, EV 87.5 MPH)
Batting: SHB Larry Bowa 0-0: Ball
1-0: Ball
2-0: Ball
3-0: Called Strike
3-1: Swinging Strike
3-2: Foul Ball, location: 2F
3-2: Foul Ball, location: 2F
3-2: Ground out 4-3 (Groundball, 4, EV 81.3 MPH)
Batting: RHB Odie Davis 0-0: Called Strike
0-1: Ball
1-1: Ball
2-1: Fly out, F3 (Popup, 3SF, EV 84.4 MPH)
Top of the 2nd over - 0 runs, 0 hits, 0 errors, 0 left on base; Omaha 0 - Tulsa 1
BOTTOM OF THE 2ND
Tulsa Drillers batting - Pitching for Omaha Storm Chasers : LHP Joe W Price
Batting: RHB Bob Grandas 0-0: Called Strike
0-1: Ball
1-1: Ball
2-1: Fly out, F8 (Flyball, 8LXD, EV 94.4 MPH)
Batting: RHB Bob E Johnson 0-0: Ball
1-0: Fly out, F8 (Flyball, 8RD, EV 95.0 MPH)
Batting: RHB Nick Belmonte 0-0: Ball
1-0: Ball
2-0: Foul Ball, location: 2F
2-1: Ground out 6-3 (Groundball, 6, EV 106.9 MPH)
Bottom of the 2nd over - 0 runs, 0 hits, 0 errors, 0 left on base; Omaha 0 - Tulsa 1
TOP OF THE 3RD
Omaha Storm Chasers batting - Pitching for Tulsa Drillers : LHP Bob Buchanan
Batting: SHB Rafael Landestoy 0-0: Fly out, F6 (Popup, 6, EV 57.5 MPH)
Batting: RHB Jay Schellin 0-0: Ball
1-0: Foul Ball, location: 2F
1-1: Foul Ball, location: 2F
1-2: Fly out, F8 (Flyball, 89D, EV 86.9 MPH)
Batting: RHB Mike Allport 0-0: Ball
1-0: Fly out, F5 (Flyball, 56D, EV 84.4 MPH)
Top of the 3rd over - 0 runs, 0 hits, 0 errors, 0 left on base; Omaha 0 - Tulsa 1
BOTTOM OF THE 3RD
Tulsa Drillers batting - Pitching for Omaha Storm Chasers : LHP Joe W Price
Batting: RHB Onix Concepcion 0-0: Foul Ball, location: 2F
0-1: Ground out 4-3 (Groundball, 4, EV 87.5 MPH)
Batting: RHB Victor Rios 0-0: Called Strike
0-1: Called Strike
0-2: Foul Ball, location: 2F
0-2: Ball
1-2: SINGLE (Groundball, 56, EV 108.8 MPH) (infield hit)
Batting: SHB Paul Householder 0-0: Fielders Choice at 2nd, 3-6 (Groundball, 3, EV 78.1 MPH)
Batting: LHB Jim Adduci 0-0: Called Strike
Paul Householder steals 2nd base (no throw)
0-1: Ball
1-1: Ball
2-1: SINGLE (Flyball, 8RS, EV 88.8 MPH)
Paul Householder to third
Runner from 3rd tries for Home, SAFE, throw by RF to home
Jim Adduci to second
Batting: LHB Mike Pagliarulo 0-0: Called Strike
0-1: Ball
1-1: Swinging Strike
1-2: Ball
2-2: Strikes out swinging
Bottom of the 3rd over - 1 run, 2 hits, 0 errors, 1 left on base; Omaha 0 - Tulsa 2
TOP OF THE 4TH
Omaha Storm Chasers batting - Pitching for Tulsa Drillers : LHP Bob Buchanan
Batting: RHB Don Money 0-0: Swinging Strike
0-1: Ground out 1-3 (Groundball, 23, EV 61.9 MPH)
Batting: LHB Mike LaValliere 0-0: Ball
1-0: Foul Ball, location: 2F
1-1: Swinging Strike
1-2: Ball
2-2: Strikes out looking
Batting: RHB Eddie Gates 0-0: Called Strike
0-1: Swinging Strike
0-2: Ball
1-2: Fly out, F8 (Flyball, 78D, EV 95.6 MPH)
Top of the 4th over - 0 runs, 0 hits, 0 errors, 0 left on base; Omaha 0 - Tulsa 2
BOTTOM OF THE 4TH
Tulsa Drillers batting - Pitching for Omaha Storm Chasers : LHP Joe W Price
Batting: SHB Luis Quinones 0-0: Swinging Strike
0-1: Swinging Strike
0-2: Ball
1-2: Fly out, F6 (Popup, 6MS, EV 57.5 MPH)
Batting: RHB Bob Grandas 0-0: Ball
1-0: Ball
2-0: Fly out, F9 (Flyball, 9, EV 93.8 MPH)
Batting: RHB Bob E Johnson 0-0: Foul Ball, location: 2F
0-1: Ball
1-1: Foul Ball, location: 2F
1-2: Ball
2-2: Strikes out swinging
Bottom of the 4th over - 0 runs, 0 hits, 0 errors, 0 left on base; Omaha 0 - Tulsa 2
TOP OF THE 5TH
Omaha Storm Chasers batting - Pitching for Tulsa Drillers : LHP Bob Buchanan
Batting: LHB Donald Elliott 0-0: Ball
1-0: Swinging Strike
1-1: Ball
2-1: Swinging Strike
2-2: Foul Ball, location: 2F
2-2: Ball
3-2: Strikes out swinging
Batting: SHB Larry Bowa 0-0: Foul Ball, location: 2F
0-1: Ball
1-1: Foul Ball, location: 2F
1-2: Fly out, F8 (Line Drive, 8LD, EV 95.0 MPH)
Batting: RHB Odie Davis 0-0: Ball
1-0: Called Strike
1-1: Ball
2-1: Ball
3-1: Foul Ball, location: 2F
3-2: Fly out, F4 (Popup, 34, EV 76.9 MPH)
Top of the 5th over - 0 runs, 0 hits, 0 errors, 0 left on base; Omaha 0 - Tulsa 2
BOTTOM OF THE 5TH
Tulsa Drillers batting - Pitching for Omaha Storm Chasers : LHP Joe W Price
Batting: RHB Nick Belmonte 0-0: Ball
1-0: Ground out 5-3 (Groundball, 5, EV 88.8 MPH)
Batting: RHB Onix Concepcion 0-0: Ball
1-0: Swinging Strike
1-1: Ball
2-1: Ball
3-1: Ground out 6-3 (Groundball, 6, EV 79.4 MPH)
Batting: RHB Victor Rios 0-0: Ball
1-0: Foul Ball, location: 2F
1-1: Swinging Strike
1-2: Foul Ball, location: 2F
1-2: Fly out, F7 (Flyball, 7LS, EV 75.0 MPH)
Bottom of the 5th over - 0 runs, 0 hits, 0 errors, 0 left on base; Omaha 0 - Tulsa 2
TOP OF THE 6TH
Omaha Storm Chasers batting - Pitching for Tulsa Drillers : LHP Bob Buchanan
Batting: SHB Rafael Landestoy 0-0: Ball
1-0: Called Strike
1-1: Fly out, F7 (Flyball, 7, EV 76.9 MPH)
Batting: RHB Jay Schellin 0-0: Called Strike
0-1: Ball
1-1: Foul Ball, location: 2F
1-2: SINGLE (Line Drive, 7S, EV 88.1 MPH)
Batting: RHB Mike Allport 0-0: Ball
1-0: Ball
Jay Schellin is caught stealing 2nd base 2-4
2-0: Fly out, F8 (Flyball, 78XD, EV 104.4 MPH)
Top of the 6th over - 0 runs, 1 hit, 0 errors, 0 left on base; Omaha 0 - Tulsa 2
BOTTOM OF THE 6TH
Tulsa Drillers batting - Pitching for Omaha Storm Chasers : LHP Joe W Price
Batting: SHB Paul Householder 0-0: Fly out, F5 (Popup, 25F, EV 91.9 MPH)
Batting: LHB Jim Adduci 0-0: Swinging Strike
0-1: Fly out, F3 (Flyball, 3D, EV 87.5 MPH)
Batting: LHB Mike Pagliarulo 0-0: Foul Ball, location: 2F
0-1: Swinging Strike
0-2: Ground out U3 (Groundball, 3, EV 101.9 MPH)
Bottom of the 6th over - 0 runs, 0 hits, 0 errors, 0 left on base; Omaha 0 - Tulsa 2
TOP OF THE 7TH
Omaha Storm Chasers batting - Pitching for Tulsa Drillers : LHP Bob Buchanan
Batting: RHB Don Money 0-0: Fly out, F5 (Flyball, 5D, EV 66.3 MPH)
Batting: LHB Mike LaValliere 0-0: Ball
1-0: Called Strike
1-1: Ball
2-1: Ball
3-1: Foul Ball, location: 2F
3-2: Base on Balls
Batting: RHB Eddie Gates 0-0: Ball
1-0: Called Strike
1-1: Fly out, F8 (Line Drive, 8RD, EV 91.3 MPH)
Batting: LHB Donald Elliott 0-0: Ball
Mike LaValliere steals 2nd base
1-0: Ball
2-0: Ball
3-0: Called Strike
3-1: Called Strike
3-2: Base on Balls
Pinch Hitting: RHB Al Minker 0-0: Ball
Wild Pitch!
Mike LaValliere to third
Donald Elliott to second
1-0: Ball
2-0: Ball
3-0: Called Strike
3-1: Foul Ball, location: 2F
3-2: Foul Ball, location: 2F
3-2: Fly out, F7 (Line Drive, 7, EV 97.5 MPH)
Top of the 7th over - 0 runs, 0 hits, 0 errors, 2 left on base; Omaha 0 - Tulsa 2
BOTTOM OF THE 7TH
Tulsa Drillers batting - Pitching for Omaha Storm Chasers : LHP Joe W Price
Now at 1B: Al Minker
Batting: SHB Luis Quinones 0-0: Ball
1-0: Ball
2-0: Ball
3-0: Called Strike
3-1: Base on Balls
Batting: RHB Bob Grandas 0-0: Sac Bunt to 23 - play at first, batter safe!
Luis Quinones to second
Batting: RHB Bob E Johnson 0-0: Ball
1-0: Ball
2-0: Ball
Luis Quinones steals 3rd base
3-0: Called Strike
3-1: Foul Ball, location: 2F
3-2: Strikes out swinging
Batting: RHB Nick Belmonte 0-0: Swinging Strike
0-1: Ball
1-1: Grounds into double play, 6-4-3 (Groundball, 6, EV 101.9 MPH)
Bottom of the 7th over - 0 runs, 1 hit, 0 errors, 1 left on base; Omaha 0 - Tulsa 2
TOP OF THE 8TH
Omaha Storm Chasers batting - Pitching for Tulsa Drillers : LHP Bob Buchanan
Batting: RHB Odie Davis 0-0: Called Strike
0-1: Called Strike
0-2: Ball
1-2: Foul Ball, location: 2F
1-2: Ball
2-2: Ground out 5-3 (Groundball, 56, EV 107.5 MPH)
Batting: SHB Rafael Landestoy 0-0: Ball
1-0: Swinging Strike
1-1: Foul Ball, location: 2F
1-2: Foul Ball, location: 2F
1-2: Foul Ball, location: 2F
1-2: Strikes out swinging
Batting: RHB Jay Schellin 0-0: Called Strike
0-1: Ball
1-1: Called Strike
1-2: Foul Ball, location: 2F
1-2: Foul Ball, location: 2F
1-2: Ball
2-2: Strikes out swinging
Top of the 8th over - 0 runs, 0 hits, 0 errors, 0 left on base; Omaha 0 - Tulsa 2
BOTTOM OF THE 8TH
Tulsa Drillers batting - Pitching for Omaha Storm Chasers : LHP Joe W Price
Batting: RHB Onix Concepcion 0-0: Ball
1-0: Foul Ball, location: 2F
1-1: Ground out U3 (Groundball, 34S, EV 80.6 MPH)
Batting: RHB Victor Rios 0-0: Ball
1-0: Ball
2-0: Ball
3-0: Called Strike
3-1: Foul Ball, location: 2F
3-2: Reached on error, E4 (Groundball, 4, EV 91.9 MPH)
Batting: SHB Paul Householder 0-0: Intentional Walk
Batting: LHB Jim Adduci 0-0: Ball
1-0: Foul Ball, location: 2F
1-1: Ball
2-1: Ball
3-1: Base on Balls
Victor Rios to third
Paul Householder to second
Batting: LHB Mike Pagliarulo Balk!
Victor Rios scores
Paul Householder to third
Jim Adduci to second
0-0: Ball
1-0: Foul Ball, location: 2F
1-1: Called Strike
1-2: SINGLE (Flyball, 34D, EV 90.0 MPH)
Paul Householder scores
Jim Adduci to third
Runner from 3rd tries for Home, SAFE, throw by RF to home
Pitching: LHP David Bogacki
Batting: SHB Luis Quinones 0-0: Ball
1-0: Ball
2-0: Called Strike
2-1: Called Strike
2-2: Strikes out looking
Batting: RHB Bob Grandas 0-0: Called Strike
0-1: Called Strike
0-2: Foul Ball, location: 2F
0-2: Fielders Choice at 2nd, 6-4 (Groundball, 56, EV 89.4 MPH)
Bottom of the 8th over - 3 runs, 1 hit, 1 error, 1 left on base; Omaha 0 - Tulsa 5
TOP OF THE 9TH
Omaha Storm Chasers batting - Pitching for Tulsa Drillers : LHP Bob Buchanan
Batting: RHB Mike Allport 0-0: Called Strike
0-1: Swinging Strike
0-2: Ball
1-2: Ball
2-2: Foul Ball, location: 2F
2-2: Foul Ball, location: 2F
2-2: DOUBLE (Line Drive, 5D, EV 104.4 MPH)
Batting: RHB Don Money 0-0: Swinging Strike
0-1: Ground out 4-3 (Groundball, 4, EV 83.8 MPH)
Mike Allport to third
Batting: LHB Mike LaValliere 0-0: Ball
1-0: Swinging Strike
1-1: Ball
2-1: Foul Ball, location: 2F
2-2: Ball
3-2: Foul Ball, location: 2F
3-2: SINGLE (Line Drive, 9S, EV 98.1 MPH)
Mike Allport scores
Batting: RHB Eddie Gates 0-0: Ball
1-0: Foul Ball, location: 2F
1-1: Foul Ball, location: 2F
1-2: Ball
2-2: Foul Ball, location: 2F
2-2: Strikes out swinging
Batting: LHB Donald Elliott 0-0: Foul Ball, location: 2F
0-1: Ball
1-1: Ball
2-1: Foul Ball, location: 2F
2-2: SINGLE (Groundball, 56D, EV 104.4 MPH)
Mike LaValliere to second
Batting: RHB Al Minker 0-0: SINGLE (Line Drive, 8RS, EV 100.0 MPH)
Mike LaValliere to third
Donald Elliott to second
Batting: RHB Odie Davis 0-0: Ball
1-0: Called Strike
1-1: Ball
2-1: Ground out U3 (Groundball, 3, EV 90.0 MPH)
Top of the 9th over - 1 run, 4 hits, 0 errors, 3 left on base; Omaha 1 - Tulsa 5
Thursday, August 13th, 2020 - OOTP Baseball 21.5 Build 76